 Dungeon Crawl Stone Soup version 0.17-a0-83-g894156c (webtiles) character file.

42339 squibie the Carver (level 13, -3/116 HPs)
             Began as a Demigod Gladiator on Mar 16, 2015.
             Slain by a fire crab (9 damage)
             ... on level 8 of the Lair of Beasts.
             The game lasted 01:18:49 (19956 turns).

squibie the Carver (Demigod Gladiator)             Turns: 19956, Time: 01:18:59

Health: -3/116     AC: 13    Str: 20    XL:     13   Next: 48%
Magic:  25/25      EV: 23    Int: 12    God:
Gold:   1788       SH:  0    Dex: 22    Spells: 5 memorised, 3 levels left

rFire  . . .     SeeInvis .     z - +6 great sword (flame)
rCold  + + .     Clarity  .     S - +3 leather armour {rC+}
rNeg   . . .     SustAb   +     (no shield)
rPois  .         Gourm    +     b - +0 helmet
rElec  .         Spirit   .     N - +2 cloak
rCorr  .         Warding  .     (no gloves)
rMut   .         Stasis   .     G - +0 pair of boots
MR     +....                    v - amulet of the gourmand
Stlth  ++........               H - ring of protection from cold
                                J - +1 ring of protection

@: lethally poisoned (-3 -> -7), somewhat resistant to hostile enchantments,
unstealthy
A: sustain abilities
a: no special abilities


You were on level 8 of the Lair of Beasts.
You were full.

You visited 2 branches of the dungeon, and saw 18 of its levels.

You collected 1832 gold pieces.

Inventory:

Hand weapons
 z - a +6 great sword of flaming (weapon)
 R - a +8 falchion of holy wrath
 X - a +3 great sword of venom
Missiles
 i - 6 poisoned javelins
 B - a throwing net (quivered)
Armour
 b - a +0 helmet (worn)
 G - a +0 pair of boots (worn)
 N - a +2 cloak (worn)
 S - a +3 leather armour of cold resistance (worn)
Jewellery
 d - an uncursed ring of magical power
 r - an uncursed ring of teleportation
 v - an amulet of the gourmand (around neck)
 w - an uncursed ring of poison resistance
 C - an uncursed ring of positive energy
 H - a ring of protection from cold (right hand)
 J - a +1 ring of protection (left hand)
Magical devices
 Z - a wand of lightning (6)
Scrolls
 h - 2 scrolls of amnesia
 j - 5 scrolls of identify
 n - 3 scrolls of fog
 o - 4 scrolls of enchant armour
 t - 2 scrolls of fear
 E - 6 scrolls of teleportation
 I - 2 scrolls of remove curse
 T - a scroll of magic mapping
 U - 4 scrolls of recharging
 Y - a scroll of blinking
Potions
 e - 6 potions of restore abilities
 g - 3 potions of haste
 l - a potion of cure mutation
 m - a potion of ambrosia
 p - 2 potions of magic
 s - 2 potions of curing
 u - a potion of berserk rage
 x - a potion of might
 A - 3 potions of agility
 Q - a potion of flight
 V - a potion of cancellation
 W - 2 potions of brilliance
Books
 O - a book of Fire

   Spells                             Type                      Level
   a - Ignite Poison                  Fire/Transmutation           5
   b - Fireball                       Conjuration/Fire             5
   c - Bolt of Fire                   Conjuration/Fire             6
   d - Delayed Fireball               Conjuration/Fire             7
   e - Ring of Flames                 Charms/Fire                  7
Miscellaneous
 a - an ornate deck of changes {drawn: 4}
Comestibles
 c - 2 royal jellies
 f - 7 bread rations
 k - 14 meat rations
 q - 40 fruits
 D - 3 beef jerkies
 L - 10 slices of pizza


   Skills:
 - Level 11.1 Fighting
 + Level 13.4 Long Blades
 - Level 1.7 Throwing
 - Level 4.5 Armour
 - Level 11.2 Dodging
 - Level 3.0 Spellcasting
 - Level 4.6 Charms
 - Level 4.7 Air Magic


You had 3 spell levels left.
You knew the following spells:

 Your Spells              Type           Power        Failure   Level  Hunger
a - Flight                Chrm/Air       ##........   14%         3    ###....
b - Swiftness             Chrm/Air       ##......     10%         2    ###....
c - Repel Missiles        Chrm/Air       ##....       10%         2    ###....
d - Irradiate             Conj/Trmt      #.........   100%        5    ######.
e - Ozocubu's Armour      Chrm/Ice       #.......     34%         3    ###....


Dungeon Overview and Level Annotations

Branches:
Dungeon (10/15)            Temple (0/1) D:5            Lair (8/8) D:10
  Swamp (0/5) Lair:3       Spider (0/5) Lair:4        Slime (0/6) Lair:7
    Orc (0/4) D:9

Annotations:
D:5 exclusion: statue


Innate Abilities, Weirdness & Mutations

Your attributes are resistant to harm.


Message History

You slice the black mamba!!! You burn the black mamba.
You kill the black mamba!
You feel sick. The fire crab barely misses you.
The fire crab barely misses you. The giant frog misses you.
The giant frog closely misses you.
You slash the fire crab!!
The fire crab is heavily wounded.
You feel sick.
The giant frog hits you but does no damage. x2
The fire crab misses you. The fire crab barely misses you.
The giant frog completely misses you. The crocodile completely misses you.
The giant frog completely misses you.
A giant frog comes into view.
The giant frog gives a loud, deep croak!
You hit the fire crab!
The fire crab is severely wounded.
You feel sick. The fire crab bites you!
* * * LOW HITPOINT WARNING * * *
You are engulfed in flames!
You die... .#.
FP.......

..........P
............P
............PP.
................
.................
..................
.......#.t@..P$....
.........tFF.#.....
....F........P....
...................
........≈..P......≈
.....≈P..≈..≈...P≈
P.P...≈≈≈P≈≈..≈.
.P.P..≈≈≈≈.≈≈≈≈≈
.≈.P.≈≈≈P≈≈≈≈≈≈


You could see a fire crab, a spiny frog (wandering), a crocodile and 3 giant
frogs.

Vanquished Creatures
  Rupert (Lair:4)
  2 azure jellies (Lair:7)
  3 hydras
  A catoblepas (Lair:5)
  3 wolf spiders (Lair:5)
  2 griffons
  6 black mambas
  Joseph (D:9)
  6 elephants
  15 spiny frogs
  A gargoyle (D:10)
  5 komodo dragons
  A merfolk (Lair:4)
  4 fire drakes
  A polar bear (Lair:6)
  16 blink frogs
  3 slime creatures (D:10)
  A troll (D:9)
  A giant leech (Lair:8)
  A basilisk (Lair:5)
  A boulder beetle (Lair:7)
  4 trapdoor spiders (Lair:4)
  20 yaks
  Eustachio (D:7)
  A deep elf mage (D:9)
  A wyvern (D:6)
  6 hippogriffs
  A vampire mosquito (Lair:8)
  A hungry ghost (D:9)
  Edmund (D:8)
  19 wolves
  8 water moccasins
  7 porcupines
  3 orc warriors
  3 sky beasts
  A black bear (Lair:1)
  2 ogres
  3 ice beasts
  4 phantoms
  6 centaurs
  19 crocodiles
  Sigmund (D:3)
  20 giant frogs
  3 big kobolds (D:10)
  Blork the orc (D:8)
  3 scorpions
  4 wights (D:9)
  4 killer bees
  5 electric eels
  8 hounds
  A crimson imp (D:9)
  A goliath beetle (D:7)
  A giant frog zombie (D:6)
  8 orc priests
  3 jellies
  Crazy Yiuf (D:6)
  3 centaur skeletons
  13 orc wizards
  6 iguanas
  2 giant frog skeletons (D:5)
  5 hell rats (Lair:5)
  5 worker ants
  19 sheep
  6 ogre zombies (D:9)
  Jessica (D:2)
  A worker ant zombie (D:10)
  61 river rats
  24 adders
  A shadow imp (D:9)
  7 giant mites
  2 worms
  An adder zombie (D:8)
  4 giant geckos
  2 oozes (D:2)
  35 orcs
  A bat skeleton (D:4)
  16 hobgoblins
  2 ball pythons
  12 bats
  5 giant cockroaches
  3 giant newts
  A giant spore (D:8)
  14 goblins
  A goblin skeleton (D:9)
  4 goblin zombies (D:9)
  2 hobgoblin zombies (D:9)
  12 jackals
  15 kobolds
  An orc skeleton (D:9)
  11 orc zombies (D:9)
  14 quokkas
  A quokka skeleton (D:4)
  A quokka zombie (D:5)
  12 rats
  2 ballistomycetes (D:8)
  A plant (Lair:3)
579 creatures vanquished.

Vanquished Creatures (others)
  A porcupine (Lair:4)
  A giant frog (Lair:4)
  A river rat (Lair:8)
  A bush (Lair:5)
  2 fungi
  4 plants
10 creatures vanquished.

Grand Total: 589 creatures vanquished

Notes
Turn   | Place    | Note
--------------------------------------------------------------
     0 | D:1      | squibie, the Demigod Gladiator, began the quest for the Orb.
     0 | D:1      | Reached XP level 1. HP: 17/17 MP: 2/2
   119 | D:1      | Reached skill level 3 in Long Blades
   403 | D:1      | Reached XP level 2. HP: 24/24 MP: 3/3
  1334 | D:2      | Reached skill level 1 in Armour
  1362 | D:2      | Noticed Jessica
  1364 | D:2      | Killed Jessica
  1364 | D:2      | Reached XP level 3. HP: 29/29 MP: 5/5
  1567 | D:2      | Found a bloodstained altar of Trog.
  1635 | D:2      | Reached XP level 4. HP: 27/36 MP: 7/7
  1734 | D:2      | Found a white marble altar of Elyvilon.
  1986 | D:3      | Noticed Sigmund
  1994 | D:3      | Killed Sigmund
  1994 | D:3      | Reached skill level 4 in Armour
  1994 | D:3      | Reached XP level 5. HP: 30/41 MP: 8/8
  2048 | D:3      | Found an opulent altar of Gozag.
  2449 | D:3      | Learned a level 1 spell: Magic Dart
  3042 | D:4      | Found a snail-covered altar of Cheibriados.
  3263 | D:4      | Reached XP level 6. HP: 32/48 MP: 10/10
  3487 | D:4      | Reached skill level 5 in Long Blades
  3493 | D:4      | Found an ancient bone altar of Kikubaaqudgha.
  3493 | D:4      | Found a shattered altar of Ashenzari.
  3708 | D:5      | Entered Level 5 of the Dungeon
  3718 | D:5      | Found a staircase to the Ecumenical Temple.
  4049 | D:5      | Found a radiant altar of Vehumet.
  4112 | D:5      | Reached skill level 6 in Long Blades
  4112 | D:5      | Reached XP level 7. HP: 16/53 MP: 12/12
  4470 | D:5      | Found a glowing silver altar of Zin.
  4864 | D:5      | Learned a level 2 spell: Swiftness
  4994 | D:6      | Reached skill level 1 in Charms
  4994 | D:6      | Reached skill level 1 in Air Magic
  5085 | D:6      | Noticed Crazy Yiuf
  5095 | D:6      | Killed Crazy Yiuf
  5250 | D:6      | Found a burning altar of Makhleb.
  5282 | D:6      | Reached XP level 8. HP: 19/60 MP: 13/13
  5624 | D:6      | Reached skill level 1 in Spellcasting
  5946 | D:6      | Learned a level 2 spell: Repel Missiles
  6232 | D:7      | Noticed Eustachio
  6249 | D:7      | Killed Eustachio
  6787 | D:7      | Found a sacrificial altar of Ru.
  7675 | D:8      | Reached XP level 9. HP: 26/67 MP: 21/21
  8195 | D:8      | Noticed Blork the orc
  8208 | D:8      | Killed Blork the orc
  8410 | D:8      | Noticed Edmund
  8424 | D:8      | Killed Edmund
  9106 | D:9      | Found a staircase to the Orcish Mines.
  9160 | D:9      | Reached skill level 5 in Dodging
  9258 | D:9      | Reached skill level 5 in Fighting
  9709 | D:9      | Noticed Joseph
  9726 | D:9      | Killed Joseph
 10026 | D:9      | Got a transparent robe
 10037 | D:9      | Identified the +0 robe of Baldness {rElec} (You found it on level 9 of the Dungeon)
 10102 | D:9      | Reached XP level 10. HP: 83/83 MP: 22/22
 10192 | D:9      | Found a sparkling altar of Nemelex Xobeh.
 10422 | D:10     | Entered Level 10 of the Dungeon
 10559 | D:10     | Noticed a two-headed hydra
 10566 | D:10     | Killed a one-headed hydra
 10566 | D:10     | Reached skill level 7 in Fighting
 10931 | D:10     | Found a staircase to the Lair.
 11128 | D:10     | Reached skill level 8 in Dodging
 11905 | D:10     | Reached XP level 11. HP: 39/95 MP: 23/23
 12171 | Lair:1   | Entered Level 1 of the Lair of Beasts
 12299 | Lair:1   | Reached skill level 9 in Dodging
 13161 | Lair:2   | Reached skill level 10 in Dodging
 13190 | Lair:2   | Reached skill level 10 in Fighting
 14102 | Lair:2   | Got a shimmering brass ring
 14104 | Lair:2   | Identified the cursed ring of Xom's Reproof {rC+ MR+ Int+2 Dex-2} (You found it on level 2 of the Lair of Beasts)
 14565 | Lair:3   | Learned a level 3 spell: Flight
 14599 | Lair:3   | Noticed an eight-headed hydra
 15132 | Lair:3   | Killed a one-headed hydra
 15132 | Lair:3   | Reached skill level 11 in Dodging
 15132 | Lair:3   | Reached XP level 12. HP: 87/108 MP: 24/24
 15288 | Lair:3   | Found a staircase to the Swamp.
 16251 | Lair:4   | Noticed Rupert
 16289 | Lair:4   | Killed Rupert
 16738 | Lair:4   | Found a hole to the Spider Nest.
 17267 | Lair:4   | Learned a level 5 spell: Irradiate
 17271 | Lair:4   | Learned a level 3 spell: Ozocubu's Armour
 17348 | Lair:5   | Reached skill level 10 in Long Blades
 18280 | Lair:6   | Reached XP level 13. HP: 100/116 MP: 25/25
 19113 | Lair:7   | Reached skill level 12 in Long Blades
 19594 | Lair:7   | Got a pitted leather armour
 19595 | Lair:7   | Identified the +1 leather armour of Makhleb's Castigation {rPois Int+4} (You found it on level 7 of the Lair of Beasts)
 19603 | Lair:7   | Found a runed door.
 19605 | Lair:7   | Found a viscous altar of Jiyva.
 19605 | Lair:7   | Noticed an azure jelly
 19609 | Lair:7   | Found a staircase to the Slime Pits.
 19609 | Lair:7   | Noticed an azure jelly
 19618 | Lair:7   | Killed an azure jelly
 19620 | Lair:7   | Killed an azure jelly
 19620 | Lair:7   | Reached skill level 13 in Long Blades
 19791 | Lair:8   | Entered Level 8 of the Lair of Beasts
 19956 | Lair:8   | Slain by a fire crab

Action                   |  1- 3 |  4- 6 |  7- 9 | 10-12 | 13-15 || total
-------------------------+-------+-------+-------+-------+-------++-------
Melee: Long sword        |    92 |   222 |   151 |       |       ||   465
       Falchion          |       |       |   398 |   605 |       ||  1003
       Great sword       |       |       |       |   171 |   151 ||   322
Throw: Throwing net      |       |     2 |     7 |       |       ||     9
       Javelin           |       |       |       |     6 |       ||     6
 Cast: Swiftness         |       |       |     1 |       |       ||     1
       Repel Missiles    |       |       |     2 |     2 |       ||     4
       Magic Dart        |       |       |     1 |       |       ||     1
       Flight            |       |       |       |       |     6 ||     6
Evoke: Deck              |       |       |       |     4 |       ||     4
       Wand              |       |       |       |     1 |       ||     1
  Use: Scroll            |     1 |     4 |    15 |     7 |     7 ||    34
       Potion            |       |       |     3 |    11 |     2 ||    16
 Stab: Held in net/web   |       |       |     4 |       |       ||     4
       Sleeping          |       |       |       |     6 |     2 ||     8
  Eat: Chunk             |     2 |     6 |    15 |    27 |     9 ||    59
       Fruit             |       |     2 |     2 |     4 |       ||     8
       Bread ration      |       |       |     1 |       |       ||     1
